 Dungeon Crawl Stone Soup version 0.30-a0-860-g512cf1e979 (webtiles) character file.

Game seed: 13812828857676056912

31237 Maxmaps the Skirmisher (level 13, -1/103 HPs)
             Began as a Gnoll Hunter on Mar 7, 2023.
             Was an Initiate of Gozag.
             Slain by a black mamba (12 damage)
             ... on level 2 of the Lair of Beasts.
             The game lasted 00:28:05 (19803 turns).

Maxmaps the Skirmisher (Gnoll Hunter)              Turns: 19803, Time: 00:28:05

Health: -1/103     AC: 15    Str: 13    XL:     13   Next: 56%
Magic:  25/25      EV: 13    Int: 14    God:    Gozag
Gold:   1064       SH: 11    Dex: 16    Spells: 29/29 levels left

rFire   + . .      SeeInvis .    F - +10 trident "Oripol" {flame, rF+ Will+ Str+3}
rCold   . . .      Faith    .    d - +0 kite shield
rNeg    . . .      Spirit   .    q - +0 chain mail
rPois   +          Reflect  .    (no helmet)
rElec   .          Rampage  .    V - +0 cloak
rCorr   .                        e - +0 pair of gloves
Will    +....                    K - +0 pair of boots
Stlth   +                        (no amulet)
HPRegen 0.37/turn                y - +5 ring of evasion
MPRegen 0.19/turn                I - ring of poison resistance

@: no status effects
A: fangs 1, strong nose, distributed training
a: Renounce Religion, Potion Petition, Call Merchant, Bribe Branch


You were on level 2 of the Lair of Beasts.
You worshipped Gozag.
Gozag was most pleased with you.
You visited 3 branches of the dungeon, and saw 16 of its levels.
You also visited: Bailey.

You collected 4349 gold pieces.
You spent 1397 gold pieces at shops.
You paid 1888 gold pieces to Gozag.

Inventory:

Hand Weapons
 l - a +3 scimitar of flaming
 F - the +10 trident "Oripol" (weapon) {flame, rF+ Will+ Str+3}
   (You found it on level 4 of the Dungeon)

   Str:       It affects your strength (+3).
   rF:        It protects you from fire.
   Will:      It increases your willpower.
Missiles
 R - 5 throwing nets (quivered)
Armour
 d - a +0 kite shield (worn)
 e - a +0 pair of gloves (worn)
 q - a +0 chain mail (worn)
 K - a +0 pair of boots (worn)
 V - a +0 cloak (worn)
Jewellery
 u - a ring of ice
 y - a +5 ring of evasion (left hand)
 I - a ring of poison resistance (right hand)
 U - a ring of ice
Wands
 g - a wand of charming (9)
 t - a wand of digging (6)
 x - a wand of flame (28)
 G - a wand of quicksilver (18)
 J - a wand of iceblast (11)
Scrolls
 a - 3 scrolls of fog
 b - 3 scrolls of immolation
 c - a scroll of butterflies
 j - a scroll of poison
 k - 3 scrolls of identify
 o - 3 scrolls of vulnerability
 s - 3 scrolls of magic mapping
 v - 2 scrolls of enchant weapon
 w - 2 scrolls of brand weapon
 B - 8 scrolls of teleportation
 C - 2 scrolls of blinking
 L - 4 scrolls of fear
 S - 3 scrolls of enchant armour
 T - a scroll of amnesia
Potions
 f - 6 potions of attraction
 h - 2 potions of resistance
 i - 7 potions of brilliance
 m - 2 potions of degeneration
 n - 6 potions of haste
 p - a potion of magic
 r - 4 potions of ambrosia
 z - 2 potions of curing
 D - a potion of flight
 H - 4 potions of lignification
 M - 3 potions of might
Miscellaneous
 E - a lightning rod (4/4)


   Skills:
 + Level 9.9 Fighting
 + Level 8.7 Short Blades
 + Level 8.7 Long Blades
 + Level 8.7 Axes
 + Level 8.7 Maces & Flails
 + Level 8.7 Polearms
 + Level 8.7 Staves
 + Level 12.1 Ranged Weapons
 + Level 8.7 Throwing
 + Level 8.7 Armour
 + Level 9.9 Dodging
 + Level 9.1 Stealth
 + Level 8.7 Shields
 + Level 8.7 Unarmed Combat
 + Level 8.7 Spellcasting
 + Level 7.2 Conjurations
 + Level 7.2 Hexes
 + Level 7.2 Summonings
 + Level 7.2 Necromancy
 + Level 7.2 Translocations
 + Level 7.2 Transmutations
 + Level 7.2 Fire Magic
 + Level 7.2 Ice Magic
 + Level 7.2 Air Magic
 + Level 7.2 Earth Magic
 + Level 7.2 Poison Magic
 + Level 9.5 Invocations
 + Level 8.7 Evocations


You had 29 spell levels left.
You didn't know any spells.
Your spell library contained the following spells:

 Spells                   Type           Power      Damage    Failure   Level
 Apportation              Tloc           52%        N/A       26%         1
 Beastly Appendage        Tmut           52%        N/A       26%         1
 Magic Dart               Conj           100%       1d8       26%         1
 Sandblast                Erth           52%        2d12      26%         1
 Call Imp                 Summ           26%        N/A       38%         2
 Ensorcelled Hibernation  Hex/Ice        52%        N/A       38%         2
 Passwall                 Tmut/Erth      21%        N/A       38%         2
 Sublimation of Blood     Necr           26%        N/A       38%         2
 Wereblood                Tmut           26%        N/A       38%         2
 Kindle Blastsparks       Fire/Tloc/Air  52%        2d14      63%         3
 Mephitic Cloud           Conj/Pois/Air  26%        N/A       63%         3
 Ozocubu's Armour         Ice            26%        N/A       63%         3
 Stone Arrow              Conj/Erth      52%        3d10      63%         3
 Teleport Other           Tloc           26%        N/A       63%         3
 Animate Armour           Summ/Erth      52%        N/A       95%         4
 Iskenderun's Mystic Bla  Conj/Tloc      26%        2d7       95%         4
 Manifold Assault         Tloc           26%        N/A       95%         4
 Alistair's Intoxication  Tmut/Pois      17%        N/A       100%        5
 Blade Hands              Tmut           13%        N/A       100%        5
 Irradiate                Conj/Tmut      13%        3d16      100%        5
 Dispersal                Tloc           13%        N/A       100%        6
 Dragon Form              Tmut           13%        N/A       100%        7
 Summon Hydra             Summ           13%        N/A       100%        7
 Lehudib's Crystal Spear  Conj/Erth      13%        10d4      100%        8


Dungeon Overview and Level Annotations

Branches:
Dungeon (13/15)            Temple (1/1) D:4            Lair (2/5) D:10
    Orc (0/2) D:11         Vaults (0/5) D:13         Bailey (visited)
  Swamp: Lair:2-3    Shoals: Lair:2-3     Snake: Lair:2-3    Spider: Lair:2-3

Altars:
Ashenzari
Cheibriados
Dithmenos
Elyvilon
Fedhas
Gozag
Hepliaklqana
Kikubaaqudgha
Makhleb
Nemelex Xobeh
Okawaru
Qazlal
Ru
Sif Muna
Trog
Uskayaw
Vehumet
Wu Jian
Xom
Yredelemnul
Zin
The Shining One
Lugonu

Shops:
D:2 (   D:6 =([=?   D:11 [[   D:13 *

Portals:
Trove: D:11 (give +2 storm dragon scales)

Annotations:
D:3 1 runed translucent door
Lair:2 Sonja


Innate Abilities, Weirdness & Mutations

You have very sharp teeth.
Your uncanny sense of smell can sniff out nearby items.
Your experience applies equally to all skills.


Message History

You are too injured to fight recklessly!
You are too injured to fight recklessly!
You are too injured to fight recklessly!
You are too injured to fight recklessly!
You are too injured to fight recklessly!
You are too injured to fight recklessly!
Unknown command.
As you read the scroll of fear, it crumbles to dust.
You assume a fearsome visage.
Sonja looks frightened!
The death yak easily resists. x2; You block the death yak's attack.
Sonja casts a spell.
Sonja blinks!
Unknown command.
You are too injured to fight recklessly!
Unknown command.
As you read the scroll of teleportation, it crumbles to dust.
You feel strangely unstable. The death yak barely misses you.
The death yak closely misses you.
You hit the death yak. You burn the death yak.
The death yak is heavily wounded.
The death yak gores you!
* * * LOW HITPOINT WARNING * * *
You hit the death yak. You burn the death yak.
The death yak is heavily wounded.
The death yak gores you!
* * * LOW HITPOINT WARNING * * *
The death yak closely misses you.
The death yak is distracted by your dazzling golden aura.
The death yak bellows!
Blink to where?
Press: ? - help, Dir - move target
Found a stone staircase leading down.
As you read the scroll of blinking, it crumbles to dust.
Your surroundings suddenly seem different.
A cane toad and a black mamba come into view.
The black mamba hisses angrily.
The cane toad gives a loud, deep croak!
The black mamba misses you. The black mamba bites you!
You die...
Your body crumbles into a pile of gold.

#.....# ###..## #.
#.....P...#.....##
#............. ..#
#.....P#.......#.###
. ......P#
#...♣.#...# ..
#......#
......#F.P##...
######.#
#.#......P..... .#
#......S......
..#...#@.......
...............
...............
....##..###.... ...
.+## .... .. .. ...
. ## .. $


You could see a black mamba and a cane toad.

Vanquished Creatures
  Nessos (D:12)
  Fannar (D:11)
  A hydra (D:13)
  Harold (Lair:1)
  A two-headed ogre (D:13)
  A boulder beetle (D:13)
  Erica (Lair:1)
  6 centaur warriors
  A death yak (Lair:2)
  Pikel (D:9)
  An oklob plant (D:9)
  An orc knight (D:13)
  3 cyclopes
  A manticore (D:12)
  An ugly thing (D:11)
  Maurice (D:11)
  2 gargoyles (D:13)
  2 cane toads (Lair:1)
  2 komodo dragons
  3 trolls
  2 hornets (D:9)
  Sigmund (D:5)
  2 wraiths (D:11)
  23 yaks
  3 vampires
  3 wyverns
  2 shadows
  15 humans (D:13)
  9 vampire mosquitoes
  3 basilisks (D:13)
  A basilisk (shapeshifter) (D:13)
  A steam dragon (D:7)
  5 water moccasins
  An acid dragon (D:9)
  An ice beast (D:6)
  15 orc warriors
  A sky beast (D:7)
  3 black bears
  An ogre (D:5)
  5 wolves (Lair:1)
  24 centaurs
  A phantom (D:11)
  2 lemures (D:9)
  A kobold brigand (D:8)
  A necrophage (D:4)
  6 bullfrogs
  A gnoll sergeant (D:6)
  5 scorpions
  3 wights (D:8)
  2 troll zombies (D:11)
  An oklob sapling (D:9)
  3 howler monkeys (D:9)
  7 hounds
  3 gnoll boudas
  A human zombie (D:3)
  7 orc priests
  4 jellies
  2 sleepcaps
  Ijyb (D:3)
  2 iguanas (D:5)
  15 orc wizards
  4 ogre zombies (D:11)
  A hound skeleton (D:4)
  11 gnolls
  14 adders
  2 white imps (D:7)
  A worm (D:1)
  66 orcs
  12 endoplasms
  5 giant cockroaches
  8 hobgoblins
  3 jackals (D:4)
  4 quokkas
  12 ball pythons
  2 bats
  2 frilled lizards
  6 goblins
  2 goblin skeletons (D:11)
  A goblin zombie (D:11)
  2 hobgoblin skeletons (D:11)
  A hobgoblin zombie (D:11)
  3 kobolds
  An orc skeleton (D:11)
  12 orc zombies (D:11)
  3 rats
399 creatures vanquished.

Vanquished Creatures (others)
  An orc wizard (D:3)
  7 fungi
  45 plants
53 creatures vanquished.

Grand Total: 452 creatures vanquished

Notes
Turn   | Place    | Note
-------+----------+-------------------------------------------
     0 | D:1      | Maxmaps the Gnoll Hunter began the quest for the Orb.
     0 | D:1      | Reached XP level 1. HP: 20/20 MP: 1/1
   216 | D:1      | Reached XP level 2. HP: 26/26 MP: 2/2
   653 | D:2      | Reached XP level 3. HP: 31/31 MP: 3/3
   777 | D:2      | Reached skill level 1 in Invocations
   823 | D:2      | Found Baecsor's Antique Weapon Shoppe.
  1212 | D:3      | Reached skill level 1 in Short Blades
  1212 | D:3      | Reached skill level 1 in Long Blades
  1212 | D:3      | Reached skill level 1 in Axes
  1212 | D:3      | Reached skill level 1 in Maces & Flails
  1212 | D:3      | Reached skill level 1 in Polearms
  1212 | D:3      | Reached skill level 1 in Staves
  1212 | D:3      | Reached skill level 1 in Throwing
  1212 | D:3      | Reached skill level 1 in Armour
  1212 | D:3      | Reached skill level 1 in Shields
  1212 | D:3      | Reached skill level 1 in Unarmed Combat
  1212 | D:3      | Reached skill level 1 in Spellcasting
  1212 | D:3      | Reached skill level 1 in Evocations
  1212 | D:3      | Reached XP level 4. HP: 30/38 MP: 5/5
  1215 | D:3      | Reached skill level 1 in Conjurations
  1215 | D:3      | Reached skill level 1 in Hexes
  1215 | D:3      | Reached skill level 1 in Summonings
  1215 | D:3      | Reached skill level 1 in Necromancy
  1215 | D:3      | Reached skill level 1 in Translocations
  1215 | D:3      | Reached skill level 1 in Transmutations
  1215 | D:3      | Reached skill level 1 in Fire Magic
  1215 | D:3      | Reached skill level 1 in Ice Magic
  1215 | D:3      | Reached skill level 1 in Air Magic
  1215 | D:3      | Reached skill level 1 in Earth Magic
  1215 | D:3      | Reached skill level 1 in Poison Magic
  1457 | D:3      | Noticed Ijyb
  1469 | D:3      | Killed Ijyb
  1470 | D:3      | Reached XP level 5. HP: 33/43 MP: 5/7
  1521 | D:3      | Found a broken altar of Ashenzari.
  1568 | D:3      | Found a runed translucent door.
  1568 | D:3      | Noticed a human
  1597 | D:3      | Found a basalt altar of Yredelemnul.
  2188 | D:4      | Found a staircase to the Ecumenical Temple.
  2231 | Temple   | Entered the Ecumenical Temple
  2355 | Temple   | Became a worshipper of Gozag Ym Sagoz the Greedy
  2432 | D:4      | Reached XP level 6. HP: 48/50 MP: 8/8
  2450 | D:4      | Reached skill level 5 in Fighting
  2450 | D:4      | Reached skill level 5 in Dodging
  3135 | D:4      | Found a burning altar of Makhleb.
  3317 | D:4      | Identified the +10 trident "Oripol" {flame, rF+ Will+
                  | Str+3}
  3412 | D:5      | Entered Level 5 of the Dungeon
  3432 | D:5      | Reached XP level 7. HP: 49/56 MP: 10/10
  3579 | D:5      | Reached skill level 9 in Ranged Weapons
  3690 | D:5      | Noticed Sigmund
  3696 | D:5      | Killed Sigmund
  4087 | D:5      | Reached XP level 8. HP: 63/63 MP: 12/12
  4585 | D:6      | Found Pumen's Jewellery Shoppe.
  4663 | D:6      | Found Suesa Zyec's Magic Scroll Boutique.
  4666 | D:6      | Bought a scroll of blinking for 105 gold pieces
  4666 | D:6      | Bought a scroll of teleportation for 42 gold pieces
  4666 | D:6      | Bought a scroll of fear for 56 gold pieces
  4840 | D:6      | Found Borghygaci's Weapon Boutique.
  4926 | D:6      | Found Riumyschi's Armour Shoppe.
  4944 | D:6      | Bought a +0 pair of gloves for 63 gold pieces
  5119 | D:6      | Reached XP level 9. HP: 64/69 MP: 14/14
  5256 | D:6      | Found Veovevvi's Jewellery Emporium.
  5526 | D:7      | Reached skill level 5 in Stealth
  5782 | D:7      | Reached skill level 5 in Invocations
  5919 | D:7      | Found a stormy altar of Qazlal.
  5919 | D:7      | Found a snail-covered altar of Cheibriados.
  5966 | D:8      | Found a hazy altar of Hepliaklqana.
  6154 | D:8      | Identified the +1 war axe of Vockoceg {freeze, Int+5}
  6156 | D:8      | Found a large runed translucent door.
  6649 | D:8      | Reached skill level 5 in Short Blades
  6649 | D:8      | Reached skill level 5 in Long Blades
  6649 | D:8      | Reached skill level 5 in Axes
  6649 | D:8      | Reached skill level 5 in Maces & Flails
  6649 | D:8      | Reached skill level 5 in Polearms
  6649 | D:8      | Reached skill level 5 in Staves
  6649 | D:8      | Reached skill level 5 in Throwing
  6649 | D:8      | Reached skill level 5 in Armour
  6649 | D:8      | Reached skill level 5 in Shields
  6649 | D:8      | Reached skill level 5 in Unarmed Combat
  6649 | D:8      | Reached skill level 5 in Spellcasting
  6649 | D:8      | Reached skill level 5 in Evocations
  6649 | D:8      | Reached XP level 10. HP: 41/77 MP: 17/17
  6835 | D:8      | Found a large runed translucent door.
  6854 | D:8      | Reached skill level 10 in Ranged Weapons
  7259 | D:8      | Found a radiant altar of Vehumet.
  7269 | D:8      | Found a white marble altar of Elyvilon.
  7539 | D:9      | Noticed Pikel
  7555 | D:9      | Killed Pikel
  8075 | D:9      | Noticed an oklob plant
  8131 | D:9      | Killed an oklob plant
  8683 | D:9      | Got the Exposition on the Gift and Shaping
  9099 | D:10     | Entered Level 10 of the Dungeon
  9156 | D:10     | Found a flagged portal.
  9185 | Bailey   | Entered a bailey
  9456 | Bailey   | Reached skill level 5 in Conjurations
  9456 | Bailey   | Reached skill level 5 in Hexes
  9456 | Bailey   | Reached skill level 5 in Summonings
  9456 | Bailey   | Reached skill level 5 in Necromancy
  9456 | Bailey   | Reached skill level 5 in Translocations
  9456 | Bailey   | Reached skill level 5 in Transmutations
  9456 | Bailey   | Reached skill level 5 in Fire Magic
  9456 | Bailey   | Reached skill level 5 in Ice Magic
  9456 | Bailey   | Reached skill level 5 in Air Magic
  9456 | Bailey   | Reached skill level 5 in Earth Magic
  9456 | Bailey   | Reached skill level 5 in Poison Magic
  9488 | Bailey   | Reached XP level 11. HP: 79/85 MP: 20/20
 10684 | Bailey   | Identified the +4 executioner's axe of Itymn {heavy, rCorr
                  | Stlth+}
 11200 | D:10     | Found a staircase to the Lair.
 11740 | D:11     | Noticed a white ugly thing
 12033 | D:11     | Killed a white ugly thing
 12234 | D:11     | Identified the +6 morningstar "Ciorafax" {heavy, Will+}
 12360 | D:11     | Reached skill level 11 in Ranged Weapons
 12597 | D:11     | Found a portal to a secret trove of treasure.
 12691 | D:11     | Noticed Fannar
 12710 | D:11     | Killed Fannar
 12914 | D:11     | Noticed Maurice
 12956 | D:11     | Killed Maurice
 12957 | D:11     | Reached XP level 12. HP: 90/94 MP: 22/22
 12979 | D:11     | Acquired Maxmaps's Tome of Planar Glaciation
 13338 | D:11     | Found a staircase to the Orcish Mines.
 13830 | D:12     | Found a corrupted altar of Lugonu.
 14150 | D:12     | You fall into a shaft and drop 1 floor!
 14222 | D:13     | Noticed a centaur warrior
 14230 | D:13     | Killed a centaur warrior
 14569 | D:13     | Noticed a centaur warrior
 14578 | D:13     | Killed a centaur warrior
 14882 | D:13     | Found Piusohie's Pet Rocks.
 14905 | D:13     | Noticed a two-headed ogre
 14931 | D:13     | Killed a two-headed ogre
 14942 | D:13     | Bought a wand of digging (6) for 403 gold pieces
 15018 | D:13     | Noticed a centaur warrior
 15020 | D:13     | Found a gate to the Vaults.
 15028 | D:13     | Killed a centaur warrior
 15383 | D:12     | Noticed Nessos
 15663 | D:12     | Killed Nessos
 15927 | D:13     | Noticed a centaur warrior
 15936 | D:12     | Killed a centaur warrior
 15937 | D:12     | Reached XP level 13. HP: 58/101 MP: 25/25
 17520 | D:6      | Bought a scroll of acquirement for 728 gold pieces
 17523 | D:6      | Acquired 541 gold pieces
 17647 | Lair:1   | Entered Level 1 of the Lair of Beasts
 17712 | Lair:1   | Noticed Harold
 17714 | Lair:1   | Noticed Erica
 17794 | Lair:1   | Killed Harold
 17796 | Lair:1   | HP: 3/102 [something (9)]
 17796 | Lair:1   | HP: 1/102 [something (2)]
 18094 | Lair:1   | Reached skill level 12 in Ranged Weapons
 18233 | Lair:1   | Killed Erica
 19771 | Lair:2   | Noticed Sonja
 19803 | Lair:2   | Slain by a black mamba

Illustrated notes

Levels and vault maps discovered:
D:1:      minmay_arrival_glassed_features, layout_rooms, serial_rivers,
          chequers_serial_rivers_micro_c, chequers_serial_rivers_marsh,
          chequers_serial_rivers_small_a, chequers_serial_rivers_room_b,
          chequers_serial_rivers_micro_c, chequers_serial_rivers_small_b,
          grunt_decor_cap, columned_hall_lemuel, nicolae_wormholes
D:2:      layout_loops_cross, serial_shops, shop,
          nicolae_kite_square_tiling_tiny
D:3:      layout_loops_ring, ashenzari_conservatory_becter,
          dk_yredelemnul_ordeal, uniq_ijyb
D:4:      layout_loops_ring, makhleb_blood_cavern_becter,
          minmay_temple_entry_crystal_x, amcnicky_mini_rare_corridor_liquid,
          serial_bayou_lagoon_a, minivault_25, kennysheep_generic_room_12
D:5:      layout_gridville, serial_co_window_serial, co_window_paths_a,
          co_window_paths_b, co_window_of_opportunity_a, co_window_corner_a,
          co_window_corner_a, co_window_broadway_c, co_window_unsneaky_path_c,
          co_window_unsneaky_path_e, co_window_corner_b, co_window_sun,
          co_window_paths_d, glass_columns_a, glass_columns_c, glass_columns_c,
          patterned_corridor, uniq_sigmund
D:6:      layout_rooms, serial_shops, nicolae_take_the_stairs,
          nicolae_diamond_shop, nicolae_diamond_shop,
          nicolae_shop_hallway_stairs, nicolae_shop_behind_doors
D:7:      layout_rooms, gammafunk_temple_overflow_elements,
          minmay_misc_feat_enclosed, st_stairs_8
D:8:      layout_gridville, mainiacjoe_overflow_chevrons, jmf_multi_god_temple2,
          solitary_fountain
D:9:      layout_cave_pods, solitary_fountain, introduction_to_nature_1,
          uniq_pikel
D:10:     layout_loops_cross, grunt_lair_entry_orc_guard_hut, enter_bailey_2
D:11:     layout_layer_cave, zombieorc1_lemuel, enter_trove_0, uniq_fannar,
          uniq_maurice
D:12:     layout_cross, tgw_lugonu_bribe, uniq_nessos
D:13:     layout_stronghold, david_vaults_3, chequers_serial_rivers_small_b,
          guppyfry_shop_earth
Temple:   nicolae_temple_two_arcs
Lair:1:   layout_layer_cave, uniq_erica, uniq_harold
Lair:2:   layout_regular_city, grunt_megastairs_1, serial_bayou_shore_a,
          uniq_sonja

Skill      XL: |  1  2  3  4  5  6  7  8  9 10 11 12 13 |
---------------+----------------------------------------+-----
Invocations    | 1 2 3 4 5 6 7 8 9 |  9.5
Short Blades   | 1 2 3 5 6 7 8 |  8.7
Long Blades    | 1 2 3 5 6 7 8 |  8.7
Axes           | 1 2 3 5 6 7 8 |  8.7
Maces & Flails | 1 2 3 5 6 7 8 |  8.7
Polearms       | 1 2 3 5 6 7 8 |  8.7
Staves         | 1 2 3 5 6 7 8 |  8.7
Throwing       | 1 2 3 5 6 7 8 |  8.7
Armour         | 1 2 3 5 6 7 8 |  8.7
Shields        | 1 2 3 5 6 7 8 |  8.7
Unarmed Combat | 1 2 3 5 6 7 8 |  8.7
Spellcasting   | 1 2 3 5 6 7 8 |  8.7
Evocations     | 1 2 3 5 6 7 8 |  8.7
Conjurations   | 1 2 3 4 5 6 7 |  7.2
Hexes          | 1 2 3 4 5 6 7 |  7.2
Summonings     | 1 2 3 4 5 6 7 |  7.2
Necromancy     | 1 2 3 4 5 6 7 |  7.2
Translocations | 1 2 3 4 5 6 7 |  7.2
Transmutations | 1 2 3 4 5 6 7 |  7.2
Fire Magic     | 1 2 3 4 5 6 7 |  7.2
Ice Magic      | 1 2 3 4 5 6 7 |  7.2
Air Magic      | 1 2 3 4 5 6 7 |  7.2
Earth Magic    | 1 2 3 4 5 6 7 |  7.2
Poison Magic   | 1 2 3 4 5 6 7 |  7.2
Stealth        | 3 4 5 6 7 8 9 |  9.1
Fighting       | 5 6 7 8 9 |  9.9
Dodging        | 5 6 7 8 9 |  9.9
Ranged Weapons | 9 10 11 12 | 12.1

Action                     |  1- 3 |  4- 6 |  7- 9 | 10-12 | 13-15 || total
---------------------------+-------+-------+-------+-------+-------++-------
  Melee: Dagger            |       |    93 |       |       |       ||    93
         Bite              |       |    19 |    22 |    65 |    36 ||   142
         Short sword       |       |    75 |       |       |       ||    75
         Trident           |       |     4 |   256 |   712 |   246 ||  1218
   Fire: Shortbow          |    81 |    18 |       |       |       ||    99
 Invoke: Potion Petition   |       |       |       |     1 |       ||     1
         Call Merchant     |       |       |       |       |     2 ||     2
  Evoke: Wand              |       |       |       |    32 |     1 ||    33
    Use: Scroll            |       |       |    16 |    14 |     6 ||    36
         Potion            |       |       |       |     8 |     2 ||    10
   Stab: Distracted        |       |       |       |     3 |     1 ||     4
 Armour: Chain mail        |     7 |    95 |    69 |   244 |   102 ||   517
  Dodge: Dodged            |    11 |    34 |    83 |   320 |   129 ||   577
  Block: Buckler           |       |    28 |    19 |       |       ||    47
         Kite shield       |       |       |    62 |   391 |   151 ||   604

Table legend: (Time is in decaauts)
 A = Elapsed time spent in this place.
 B = Non-inter-level travel time spent in this place.
 C = Inter-level travel time spent in this place.
 D = Time resting spent in this place.
 E = Time spent auto-exploring this place.
 F = Levels seen in this place.
 G = Mean time per level.
                   A        B        C        D        E       F      G
               +--------+--------+--------+--------+--------+-----+--------+
         Total |  20070 |  19373 |    697 |   4739 |  10967 |  17 | 1180.6 |
       Dungeon |  16130 |  15443 |    687 |   3325 |   9218 |  13 | 1240.8 |
        Temple |    133 |    133 |      0 |      0 |    106 |   1 |  133.0 |
          Lair |   2168 |   2159 |      9 |    811 |   1052 |   2 | 1084.0 |
        Bailey |   1637 |   1637 |      0 |    603 |    590 |   1 | 1637.0 |
               +--------+--------+--------+--------+--------+-----+--------+

Top non-repeatable levels by time:
    D:11: 2258 daAuts
  Lair:1: 1997 daAuts
    D:13: 1941 daAuts
     D:9: 1834 daAuts
  Bailey: 1637 daAuts
    D:12: 1580 daAuts
     D:8: 1481 daAuts
     D:4: 1216 daAuts
     D:5: 1179 daAuts
    D:10: 1020 daAuts
     D:3: 892 daAuts
     D:6: 858 daAuts
     D:7: 649 daAuts
     D:2: 616 daAuts
     D:1: 601 daAuts
